 Dungeon Crawl Stone Soup version 0.31-a0-102-g33a4ccc0cb (webtiles) character file.

Game seed: 17994035844447807674

132 marky1606 the Insei (level 4, 0/35 HPs)
             Began as a Demonspawn Monk on May 26, 2023.
             Slain by an orc
             ... wielding a +0 dagger
              (3 damage)
             ... on level 3 of the Dungeon.
             The game lasted 00:10:31 (1654 turns).

marky1606 the Insei (Demonspawn Monk)               Turns: 1654, Time: 00:10:31

Health: 0/35       AC:  3    Str: 13    XL:     4   Next: 92%
Magic:  4/4        EV: 13    Int: 12    God:
Gold:   130        SH:  0    Dex: 15    Spells: 3/3 levels left

rFire   . .          .
                       - Unarmed
rCold   . . .        c - orb {light}
rNeg    . . .        a - +0 robe
rPois   .            (no helmet)
rElec   .            e - +0 cloak
rCorr   .            (no gloves)
SInv    .            (no boots)
Will    .....        (no amulet)
Stlth   +            (no ring)
HPRegen 0.25/turn    (no ring)
MPRegen 0.09/turn

%: no passive effects
@: glowing
A: claws 1
a: no special abilities


You were on level 3 of the Dungeon.
You visited 1 branch of the dungeon, and saw 3 of its levels.

You collected 130 gold pieces.

Inventory:

Armour
 a - a +0 robe (worn)
 c - an orb of light (worn)
 e - a +0 cloak (worn)
Scrolls
 d - 2 scrolls of fog {unknown}
 f - a scroll of poison {unknown}
 g - a scroll of teleportation {unknown}
 i - 3 scrolls of identify {unknown}
Potions
 b - a potion of ambrosia
 h - a potion of brilliance {unknown}
 j - a potion of curing {unknown}
 k - a potion of might {unknown}


   Skills:
 * Level 3.5 Fighting
 * Level 1.0 Armour
 * Level 3.4 Dodging
 * Level 4.1 Unarmed Combat


You had 3 spell levels left.
You didn't know any spells.
Your spell library contained the following spells:

 Spells                   Type           Power      Damage    Failure   Level
 Beastly Appendage        Tmut           0%         N/A       32%         1
 Wereblood                Tmut           0%         N/A       45%         2
 Spider Form              Tmut/Pois      0%         N/A       69%         3


Dungeon Overview and Level Annotations

Branches:
Dungeon (3/15)

Altars:
Makhleb


Innate Abilities, Weirdness & Mutations

You have sharp fingernails.


Message History

The orc wizard is heavily wounded.
The orc wizard hits you but does no damage.
You scratch the orc wizard.
The orc wizard is severely wounded.
The orc wizard barely misses you.
You claw the orc wizard!
You kill the orc wizard!
Your Armour skill increases to level 1!
Your Unarmed Combat skill increases to level 4!
Things that are here:
a +0 dagger; a +0 robe An orc comes into view.
It is wielding a +0 club.
The orc shouts!
You hear a shout!
An orc comes into view. It is wielding a +0 short sword.
The orc shouts!
An orc comes into view. It is wielding a +0 dagger.
The orc throws a boomerang.
The boomerang closely misses you.
An orc comes into view. It is wielding a +0 trident.
The orc shouts!
The orc hits you with a +0 club.
You scratch the orc.
The orc is heavily wounded.
The orc hits you with a +0 club.
You scratch the orc.
You kill the orc!
The orc throws a boomerang.
The boomerang closely misses you. The orc hits you but does no damage.
You scratch the orc.
The orc is moderately wounded.
The orc hits you from afar with a +0 trident.
The orc hits you with a +0 short sword.
* * * LOW HITPOINT WARNING * * *
You scratch the orc.
You kill the orc!
The orc hits you from afar with a +0 trident!
* * * LOW HITPOINT WARNING * * *
You scratch the orc.
The orc is heavily wounded.
The orc barely misses you. The orc hits you with a +0 dagger.
You die...

###
##########.#######
#.)†..............
#.########..######
#@# #..#
##o########..#
#..o......#..#
#..######.#...
#..# #.### #..#
#.# #..# .....
###..##


You could see 2 orcs.

Vanquished Creatures
  An orc priest (D:3)
  An orc wizard (D:3)
  An adder (D:2)
  6 orcs (D:3)
  9 bats
  3 endoplasms
  A giant cockroach (D:1)
  7 goblins
  4 hobgoblins
  4 jackals (D:1)
  5 quokkas
  6 ball pythons
  3 frilled lizards
  6 kobolds
  4 rats
61 creatures vanquished.

Notes
Turn   | Place    | Note
-------+----------+-------------------------------------------
     0 | D:1      | marky1606 the Demonspawn Monk began the quest for the Orb.
     0 | D:1      | Reached XP level 1. HP: 18/18 MP: 1/1
    96 | D:1      | Gained mutation: You have sharp fingernails. [demonic
                  | ancestry]
    96 | D:1      | Reached XP level 2. HP: 16/24 MP: 2/2
   316 | D:1      | Reached skill level 3 in Unarmed Combat
   423 | D:1      | Reached XP level 3. HP: 20/29 MP: 3/3
  1305 | D:2      | Found a burning altar of Makhleb.
  1566 | D:3      | Reached XP level 4. HP: 13/35 MP: 4/4
  1633 | D:3      | Reached skill level 1 in Armour
  1633 | D:3      | Reached skill level 4 in Unarmed Combat
  1654 | D:3      | Slain by an orc

Illustrated notes

Levels and vault maps discovered:
D:1:      roderic_crop_circles_arrival_small, layout_loops_ring,
          wander_ebering_terrifying_dragon_lair
D:2:      layout_loops_cross, basic_altar
D:3:      layout_loops_ring, gup_sewer_entry_pipe, grunt_ministairs_14

Skill      XL: |  1  2  3  4 |
---------------+-------------+-----
Unarmed Combat | 3 4 |  4.1
Dodging        | 3 |  3.4
Armour         | 1 |  1.0
Fighting       | |  3.5

Action                     |  1- 3 |  4- 6 || total
---------------------------+-------+-------++-------
  Melee: Unarmed           |   154 |    36 ||   190
 Armour: Robe              |    23 |     3 ||    26
  Dodge: Dodged            |    86 |    19 ||   105

Table legend: (Time is in decaauts)
 A = Elapsed time spent in this place.
 B = Non-inter-level travel time spent in this place.
 C = Inter-level travel time spent in this place.
 D = Time resting spent in this place.
 E = Time spent auto-exploring this place.
 F = Levels seen in this place.
 G = Mean time per level.
                   A        B        C        D        E       F      G
               +--------+--------+--------+--------+--------+-----+--------+
         Total |   1642 |   1642 |      0 |    322 |      0 |   3 |  547.3 |
       Dungeon |   1642 |   1642 |      0 |    322 |      0 |   3 |  547.3 |
               +--------+--------+--------+--------+--------+-----+--------+

Top non-repeatable levels by time:
     D:1: 900 daAuts
     D:2: 603 daAuts
     D:3: 138 daAuts
